 Dungeon Crawl Stone Soup version 0.20.1-1-g8b1a95d (webtiles) character file.

98 ninurtach the Chopper (level 4, -1/39 HPs)
             Began as a Minotaur Fighter on Nov 13, 2017.
             Killed by divine providence
             ... invoked by an orc priest
              (11 damage)
             ... on level 3 of the Dungeon.
             The game lasted 00:04:00 (2138 turns).

ninurtach the Chopper (Minotaur Fighter)            Turns: 2138, Time: 00:04:01

Health: -1/39      AC:  6    Str: 21    XL:     4   Next: 44%
Magic:  3/3        EV:  7    Int:  5    God:
Gold:   139        SH:  9    Dex: 10    Spells: 3/3 levels left

rFire    . . .     SeeInvis .   a - +0 war axe
rCold    . . .     Gourm    .   c - +0 shield
rNeg     . . .     Faith    .   b - +0 scale mail
rPois    .         Spirit   .   (helmet restricted)
rElec    .         Reflect  .   (no cloak)
rCorr    .         Harm     .   (no gloves)
MR       .....     Rnd*Tele +   (no boots)
Stlth    ..........             (no amulet)
Regen    0.2/turn               m - ring of teleportation (curse)
MPRegen  0.1/turn               (no ring)

@: no status effects
A: retaliatory headbutt, horns 2
a: no special abilities


You were on level 3 of the Dungeon.
You were not hungry.

You visited 1 branch of the dungeon, and saw 3 of its levels.

You collected 139 gold pieces.

Inventory:

Hand Weapons
 a - a +0 war axe (weapon)
Missiles
 p - 14 arrows
Armour
 b - a +0 scale mail (worn)
 c - a +0 shield (worn)
Jewellery
 m - a cursed ring of teleportation (left hand)
Scrolls
 h - 2 scrolls of recharging {unknown}
 i - a scroll of teleportation {unknown}
 n - 2 scrolls of fear {unknown}
 q - a scroll of amnesia {unknown}
 s - a scroll of enchant armour {unknown}
 u - a scroll of immolation {unknown}
Potions
 d - 2 potions of might
 e - a potion of curing
 l - a potion of lignification
 r - a potion of heal wounds
 t - a potion of berserk rage {unknown}
Comestibles
 f - 2 bread rations
 g - 2 royal jellies
 o - a meat ration


   Skills:
 - Level 3.6 Fighting
 + Level 5.7 Axes
 - Level 3.6 Armour
 - Level 3.6 Shields


You had 3 spell levels left.
You didn't know any spells.

Dungeon Overview and Level Annotations

Branches:
Dungeon (3/15)

Altars:
Cheibriados
Gozag
Nemelex Xobeh
Uskayaw


Innate Abilities, Weirdness & Mutations

You reflexively headbutt those who attack you in melee.
You have a pair of horns on your head.


Message History

You hit the orc wizard.
The orc priest hits you with a flail of protection.
The orc wizard points at you and mumbles some strange words.
The magic dart hits you!
You take 9 damage, and have 23/39 hp.
MASSIVE DAMAGE!!
Warning x2: The orc wizard might cast Slow, Confuse, Throw Flame, Throw Frost, or go Invisible!
The orc priest can smite you!
You hit the orc priest. You headbutt the orc priest! You hit the orc wizard.
You block the orc wizard's attack.
The orc priest calls down the wrath of Beogh upon you.
Pain shoots through your body!
The orc wizard hits you but does no damage.
You take 9 damage, and have 14/39 hp.
MASSIVE DAMAGE!!
Warning x2: The orc wizard might cast Slow, Confuse, Throw Flame, Throw Frost, or go Invisible!
The orc priest can smite you!
You barely miss the orc priest. You hit the orc wizard.
The orc priest hits you with a flail of protection.
* * * LOW HITPOINT WARNING * * *
The orc wizard hits you but does no damage.
The orc priest invokes the aid of Beogh against you.
Beogh smites you!
You die...

## .+
####.#
#....#
#....#
#oo..#
#.@).#
######


You could see an orc priest and an orc wizard.

Vanquished Creatures
  An orc wizard (D:3)
  2 adders (D:2)
  A dart slug (D:2)
  An orc (D:3)
  3 giant cockroaches
  7 hobgoblins
  4 jackals (D:2)
  9 bats
  2 frilled lizards (D:2)
  5 goblins
  3 kobolds
  11 rats
49 creatures vanquished.

Notes
Turn   | Place    | Note
-------+----------+-------------------------------------------
     0 | D:1      | ninurtach the Minotaur Fighter began the quest for the Orb.
     0 | D:1      | Reached XP level 1. HP: 19/19 MP: 0/0
   151 | D:1      | Reached skill level 3 in Axes
   303 | D:1      | Reached XP level 2. HP: 26/26 MP: 1/1
   940 | D:2      | Reached skill level 4 in Axes
  1191 | D:2      | Reached XP level 3. HP: 30/31 MP: 2/2
  1595 | D:2      | Reached skill level 5 in Axes
  1940 | D:2      | Reached XP level 4. HP: 39/39 MP: 3/3
  2049 | D:2      | Found a sparkling altar of Nemelex Xobeh.
  2051 | D:2      | Found a snail-covered altar of Cheibriados.
  2055 | D:2      | Found a hide-covered altar of Uskayaw.
  2058 | D:2      | Found an opulent altar of Gozag.
  2138 | D:3      | Killed from afar by an orc priest

Skill      XL: |  1  2  3 |
---------------+----------+-----
Axes           | 3 4 5 |  5.7
Fighting       | |  3.6
Armour         | |  3.6
Shields        | |  3.6

Action                   |  1- 3 |  4- 6 || total
-------------------------+-------+-------++-------
Melee: War axe           |   108 |     6 ||   114
       Headbutt          |    10 |     3 ||    13
  Use: Scroll            |       |     4 ||     4
  Eat: Chunk             |     3 |     1 ||     4
Armor: Scale mail        |    61 |     2 ||    63
Dodge: Dodged            |    31 |       ||    31
Block: Shield            |    60 |     3 ||    63
